AoeStats
← Witchinblack6

Migration

509483416Analyzed
1v1 RM · 5d ago on Sep 26, 2026· 66m 9s· 2 players
Game mode
Random Map
Map size
132×132
Population
200
Speed
Normal
Resources
Standard
Victory
Conquest
Starting age
Dark Age
Ending age
Imperial Age
RankedLock teamsTeams togetherTeam positionsShared explorationLock speedFull tech treeHidden civsTurbo modeCheats
Victory
Defeat
🇹🇷 Ethiopians · Türkiye
604
+16
🇺🇸 Japanese · United States
609
-27
Wildcat
9:34 Feudal Age
10:06 Double-Bit Axe
20:18 Castle Age
19:14 Fletching
19:25 Padded Archer Armor
20:36 Horse Collar
20:26 Crossbowman
22:33 Bodkin Arrow
23:46 Bow Saw
23:27 Loom
24:37 Scale Barding Armor
25:34 Wheelbarrow
30:01 Leather Archer Armor
30:56 Stone Mining
30:57 Gold Mining
31:46 Town Watch
32:57 Husbandry
33:58 Chain Barding Armor
37:08 Imperial Age
35:21 Forging
38:16 Scale Mail Armor
40:00 Chemistry
40:53 Ballistics
41:43 Masonry
41:29 Murder Holes
41:19 Demolition Ship
42:13 Medium Warships
42:21 Fortified Wall
41:39 Heavy Camel Rider
47:23 Iron Casting
49:01 Arbalester
54:03 Blast Furnace
53:04 Bracer
53:15 Thumb Ring
53:18 Heavy Plow
55:23 Capped Ram
56:00 Elite Shotel Warrior
57:48 Royal Heirs
59:40 Ring Archer Armor
59:25 Chain Mail Armor
62:43 Plate Mail Armor
64:12 Conscription
65:38 Spies/Treason
Witchinblack6
9:43 Feudal Age
10:42 Double-Bit Axe
22:44 Castle Age
22:09 Scale Mail Armor
24:03 Gambesons
25:05 Forging
27:32 Medium Warships
28:25 Man-at-Arms
30:03 Long Swordsman
34:12 Wheelbarrow
Connection lost

Rejoining the realm…

Still unreachable

The connection could not be restored.

Session expired

The server has moved on; the page needs a fresh start.